[ PARTIDA AOE2 · #505834016 ]
UnrankedPersas vs Wei
Equipo del jugador · VICT
Equipo rival · DERR
[ ANÁLISIS DE REPETICIÓN · EXTRAÍDO DE LA PARTIDA GRABADA ]
Feudal
—
Castillos
—
Imperial
—
| APM promedio | 19.9 |
| APM pico | 48 |
| eAPM promedio | 6.0 |
| Aldeanos / militares | 12 / 0 |
Foco
⚔️ 2.9% · 🌾 97.1%
Feudal
—
Castillos
—
Imperial
—
| APM promedio | 1.5 |
| APM pico | 5 |
| eAPM promedio | 1.5 |
| Aldeanos / militares | 4 / 0 |
Foco
⚔️ 0.0% · 🌾 100.0%
Mapa de la partida
Recursos iniciales + cada clic de construcción. Líneas = muros · curvas = relieve. ◆ oro · ⬟ piedra · ● bayas · ✦ reliquia · ◌ hueco del cierre
Tu base
Base de Walls vs Zombies 2009
Terreno inicial suavizado · ◌ = hueco del cierre detectado · pasá el cursor para detalles
Inputs por minuto
— willem.goossenss - - Walls vs Zombies 2009
Build order — willem.goossenss
18 acciones detectadas en el replay
| 0:04 | Construir | House |
| 0:05 | Encolar | Villager (Male) |
| 0:05 | Encolar | Villager (Male) |
| 0:05 | Encolar | Villager (Male) |
| 0:05 | Encolar | Villager (Male) |
| 0:40 | Encolar | Villager (Male) |
| 1:15 | Construir | House |
| 1:17 | Construir | House |
| 1:35 | Encolar | Villager (Male) |
| 2:14 | Construir | Lumber Camp |
| 2:20 | Encolar | Villager (Male) |
| 2:20 | Encolar | Villager (Male) |
| 3:06 | Encolar | Villager (Male) |
| 3:40 | Encolar | Villager (Male) |
| 3:41 | Encolar | Villager (Male) |
| 4:08 | Investigar | Loom |
| 4:41 | Encolar | Villager (Male) |
| 5:54 | Construir | Town Center |
Build order — Walls vs Zombies 2009
3 acciones detectadas en el replay
| 3:16 | Encolar | Villager (Male) ×4 |
| 3:17 | Construir | House |
| 3:19 | Construir | House |
Cronología de la partida
| 6:53 | Walls vs Zombies 2009 · resign |
[ ANÁLISIS IA · 1 CRÉDITO ]
¿Qué pasó realmente en esta partida?
Wolo.gg analiza cada decisión: build order, eco, micro, errores típicos por bracket. Análisis personalizado por WhatsApp o Discord en 30 segundos.
Guía civ
Persas
Perfil
willem.goossenss